| TOP OF THE 1ST |
|
Tri-City ValleyCats batting - Pitching for Vermont Lake Monsters : RHP Matt Constantino
|
|
Pitching: RHP Matt Constantino
|
|
|
Batting: LHB Lou Toth
|
0-0: Called Strike 0-1: Hit by Pitch
|
|
Batting: RHB Chris McGrath
|
0-0: Ball 1-0: Ball Lou Toth is caught stealing 2nd base 2-4 2-0: Ball 3-0: Foul Ball, location: 2F 3-1: Ground out 6-3 (Groundball, 56, EV 88.8 MPH)
|
|
Batting: LHB Josh Corkery
|
0-0: Called Strike 0-1: Foul Ball, location: 2F 0-2: Strikes out looking
|
| Top of the 1st over - 0 runs, 0 hits, 0 errors, 0 left on base; Tri-City 0 - Vermont 0 |
| BOTTOM OF THE 1ST |
|
Vermont Lake Monsters batting - Pitching for Tri-City ValleyCats : RHP Jayson Campbell
|
|
Pitching: RHP Jayson Campbell
|
|
|
Batting: RHB Carlos Martinez
|
0-0: Ground out 6-3 (Groundball, 6D, EV 98.1 MPH)
|
|
Batting: RHB Mario Ramos
|
0-0: Called Strike 0-1: Called Strike 0-2: Foul Ball, location: 2F 0-2: Ball 1-2: Ground out 4-3 (Groundball, 4MS, EV 66.9 MPH)
|
|
Batting: LHB Cy Ostrowski
|
0-0: Ball 1-0: Ball 2-0: Foul Ball, location: 2F 2-1: Called Strike 2-2: Foul Ball, location: 2F 2-2: Ground out 4-3 (Groundball, 4, EV 86.2 MPH)
|
| Bottom of the 1st over - 0 runs, 0 hits, 0 errors, 0 left on base; Tri-City 0 - Vermont 0 |
| TOP OF THE 2ND |
|
Tri-City ValleyCats batting - Pitching for Vermont Lake Monsters : RHP Matt Constantino
|
|
Batting: RHB Andrew Pride
|
0-0: Called Strike 0-1: Ground out 5-3 (Groundball, 56S, EV 87.5 MPH)
|
|
Batting: SHB Chris Keziah
|
0-0: Ball 1-0: Swinging Strike 1-1: Foul Ball, location: 2F 1-2: Ground out 4-3 (Groundball, 4, EV 77.5 MPH)
|
|
Batting: RHB Alex Campos
|
0-0: Ball 1-0: Ball 2-0: Called Strike 2-1: Swinging Strike 2-2: Ball 3-2: Base on Balls
|
|
Batting: LHB Jackson Trottier
|
0-0: Called Strike 0-1: Hit by Pitch Alex Campos to second
|
|
Batting: RHB Drew Coleman
|
0-0: Fly out, F8 (Flyball, 89D, EV 94.4 MPH)
|
| Top of the 2nd over - 0 runs, 0 hits, 0 errors, 2 left on base; Tri-City 0 - Vermont 0 |
| BOTTOM OF THE 2ND |
|
Vermont Lake Monsters batting - Pitching for Tri-City ValleyCats : RHP Jayson Campbell
|
|
Batting: RHB Edgar Landim
|
0-0: Foul Ball, location: 2F 0-1: Ground out 6-3 (Groundball, 6D, EV 106.9 MPH)
|
|
Batting: RHB Bastiaan Leenders
|
0-0: Ball 1-0: Called Strike 1-1: Foul Ball, location: 2F 1-2: Ground out U3 (Groundball, 3, EV 103.1 MPH)
|
|
Batting: RHB Fathi Addae
|
0-0: Called Strike 0-1: Ball 1-1: SINGLE (Groundball, 56, EV 102.5 MPH) (infield hit)
|
|
Batting: RHB Dave Vezina
|
0-0: Called Strike 0-1: Ball Fathi Addae steals 2nd base 1-1: Called Strike 1-2: Ball 2-2: Hit by Pitch
|
|
Batting: RHB Brian Rathbun
|
0-0: Called Strike 0-1: Called Strike 0-2: Strikes out swinging
|
| Bottom of the 2nd over - 0 runs, 1 hit, 0 errors, 2 left on base; Tri-City 0 - Vermont 0 |
| TOP OF THE 3RD |
|
Tri-City ValleyCats batting - Pitching for Vermont Lake Monsters : RHP Matt Constantino
|
|
Batting: RHB To-wai Chen
|
0-0: Swinging Strike 0-1: Ball 1-1: Fly out, F7 (Flyball, 78S, EV 98.8 MPH)
|
|
Batting: LHB Lou Toth
|
0-0: Ball 1-0: Ball 2-0: Foul Ball, location: 2F 2-1: Foul Ball, location: 2F 2-2: Strikes out looking
|
|
Batting: RHB Chris McGrath
|
0-0: Called Strike 0-1: Called Strike 0-2: Ball 1-2: Ground out 6-3 (Groundball, 56D, EV 89.4 MPH)
|
| Top of the 3rd over - 0 runs, 0 hits, 0 errors, 0 left on base; Tri-City 0 - Vermont 0 |
| BOTTOM OF THE 3RD |
|
Vermont Lake Monsters batting - Pitching for Tri-City ValleyCats : RHP Jayson Campbell
|
|
Batting: RHB Justin Menotti
|
0-0: Swinging Strike 0-1: Fly out, F9 (Flyball, 89S, EV 96.9 MPH)
|
|
Batting: RHB Carlos Martinez
|
0-0: Called Strike 0-1: Ball 1-1: Ball 2-1: Foul Ball, location: 2F 2-2: Strikes out looking
|
|
Batting: RHB Mario Ramos
|
0-0: Ball 1-0: Called Strike 1-1: Ball 2-1: Swinging Strike 2-2: Ball 3-2: Base on Balls
|
|
Batting: LHB Cy Ostrowski
|
0-0: Called Strike Mario Ramos steals 2nd, throwing error, E2 Mario Ramos to third 0-1: SINGLE (Line Drive, 6M, EV 94.4 MPH) Mario Ramos scores
|
|
Batting: RHB Edgar Landim
|
0-0: Called Strike 0-1: Ball 1-1: Ground out U3 (Groundball, 3L, EV 100.6 MPH)
|
| Bottom of the 3rd over - 1 run, 1 hit, 1 error, 1 left on base; Tri-City 0 - Vermont 1 |
| TOP OF THE 4TH |
|
Tri-City ValleyCats batting - Pitching for Vermont Lake Monsters : RHP Matt Constantino
|
|
Batting: LHB Josh Corkery
|
0-0: Ball 1-0: Ground out 4-3 (Groundball, 4M, EV 109.4 MPH)
|
|
Batting: RHB Andrew Pride
|
0-0: Ball 1-0: Called Strike 1-1: Ball 2-1: Swinging Strike 2-2: Foul Ball, location: 2F 2-2: Foul Ball, location: 2F 2-2: Strikes out looking
|
|
Batting: SHB Chris Keziah
|
0-0: Called Strike 0-1: Ball 1-1: Ball 2-1: Ball 3-1: Base on Balls
|
|
Batting: RHB Alex Campos
|
0-0: Called Strike 0-1: Called Strike 0-2: Ball Chris Keziah steals 2nd base 1-2: Strikes out looking
|
| Top of the 4th over - 0 runs, 0 hits, 0 errors, 1 left on base; Tri-City 0 - Vermont 1 |
| BOTTOM OF THE 4TH |
|
Vermont Lake Monsters batting - Pitching for Tri-City ValleyCats : RHP Jayson Campbell
|
|
Batting: RHB Bastiaan Leenders
|
0-0: Ball 1-0: Ball 2-0: Foul Ball, location: 2F 2-1: Called Strike 2-2: Ball 3-2: Strikes out swinging
|
|
Batting: RHB Fathi Addae
|
0-0: Ball 1-0: Ball 2-0: Called Strike 2-1: Ball 3-1: DOUBLE (Flyball, 8RXD, EV 101.2 MPH)
|
|
Batting: RHB Dave Vezina
|
0-0: Foul Ball, location: 2F 0-1: Ball 1-1: Foul Ball, location: 2F 1-2: Ball 2-2: Foul Ball, location: 2F 2-2: Ball 3-2: Base on Balls
|
|
Batting: RHB Brian Rathbun
|
0-0: Foul Ball, location: 2F 0-1: DOUBLE (Flyball, 8LXD, EV 106.9 MPH) Fathi Addae scores Dave Vezina to third
|
|
Batting: RHB Justin Menotti
|
0-0: Ball 1-0: Ball 2-0: Ball 3-0: Base on Balls
|
|
Batting: RHB Carlos Martinez
|
0-0: Ball 1-0: Called Strike 1-1: Ball 2-1: Ball 3-1: Base on Balls Dave Vezina scores Brian Rathbun to third Justin Menotti to second
|
|
Batting: RHB Mario Ramos
|
0-0: Ball 1-0: Swinging Strike 1-1: Called Strike 1-2: Ball 2-2: Fielders Choice at 2nd, 6-4 (Groundball, 6, EV 84.4 MPH) Brian Rathbun scores Justin Menotti to third
|
|
Batting: LHB Cy Ostrowski
|
0-0: Ball 1-0: Called Strike 1-1: Foul Ball, location: 2F 1-2: Strikes out swinging
|
| Bottom of the 4th over - 3 runs, 2 hits, 0 errors, 2 left on base; Tri-City 0 - Vermont 4 |
| TOP OF THE 5TH |
|
Tri-City ValleyCats batting - Pitching for Vermont Lake Monsters : RHP Matt Constantino
|
|
Batting: LHB Jackson Trottier
|
0-0: Called Strike 0-1: SINGLE (Line Drive, 78S, EV 108.8 MPH)
|
|
Batting: RHB Drew Coleman
|
0-0: Called Strike 0-1: Ball 1-1: Ball 2-1: Fielders Choice at 2nd, 5-4 (Groundball, 56, EV 101.2 MPH)
|
|
Batting: RHB To-wai Chen
|
0-0: Ball Drew Coleman is caught stealing 2nd base 2-4 1-0: Called Strike 1-1: Ball 2-1: Ball 3-1: Base on Balls
|
|
Batting: LHB Lou Toth
|
0-0: Called Strike 0-1: Ball 1-1: Called Strike 1-2: Foul Ball, location: 2F 1-2: Ball 2-2: Ball 3-2: SINGLE (Groundball, 4MD, EV 101.9 MPH) To-wai Chen to second To-wai Chen to third
|
|
Batting: RHB Chris McGrath
|
0-0: Ball 1-0: Called Strike 1-1: Ball 2-1: Foul Ball, location: 2F 2-2: Ball 3-2: Foul Ball, location: 2F 3-2: Fly out, F8 (Flyball, 8LD, EV 105.6 MPH)
|
| Top of the 5th over - 0 runs, 2 hits, 0 errors, 2 left on base; Tri-City 0 - Vermont 4 |
| BOTTOM OF THE 5TH |
|
Vermont Lake Monsters batting - Pitching for Tri-City ValleyCats : RHP Jayson Campbell
|
|
Batting: RHB Edgar Landim
|
0-0: Ball 1-0: Swinging Strike 1-1: Swinging Strike 1-2: Foul Ball, location: 2F 1-2: Ball 2-2: Ground out 4-3 (Groundball, 4, EV 83.1 MPH)
|
|
Pitching: LHP Ruben Rojas
|
|
|
Batting: RHB Bastiaan Leenders
|
0-0: Ball 1-0: Ball 2-0: Called Strike 2-1: Ball 3-1: Base on Balls
|
|
Batting: RHB Fathi Addae
|
0-0: Ball 1-0: Called Strike 1-1: Grounds into double play, 6-4-3 (Groundball, 6, EV 83.8 MPH)
|
| Bottom of the 5th over - 0 runs, 0 hits, 0 errors, 0 left on base; Tri-City 0 - Vermont 4 |
| TOP OF THE 6TH |
|
Tri-City ValleyCats batting - Pitching for Vermont Lake Monsters : RHP Matt Constantino
|
|
Batting: LHB Josh Corkery
|
0-0: Called Strike 0-1: Called Strike 0-2: Strikes out swinging
|
|
Batting: RHB Andrew Pride
|
0-0: Ball 1-0: Swinging Strike 1-1: Swinging Strike 1-2: Strikes out swinging
|
|
Batting: SHB Chris Keziah
|
0-0: Called Strike 0-1: Foul Ball, location: 2F 0-2: Ball 1-2: DOUBLE (Line Drive, 89D, EV 108.1 MPH)
|
|
Pinch Runner at 2nd Jon Pope:
|
|
|
Batting: RHB Alex Campos
|
0-0: Foul Ball, location: 2F 0-1: Ground out 5-3 (Groundball, 56, EV 90.0 MPH)
|
| Top of the 6th over - 0 runs, 1 hit, 0 errors, 1 left on base; Tri-City 0 - Vermont 4 |
| BOTTOM OF THE 6TH |
|
Vermont Lake Monsters batting - Pitching for Tri-City ValleyCats : LHP Ruben Rojas
|
|
Batting: RHB Dave Vezina
|
0-0: Called Strike 0-1: Swinging Strike 0-2: Ball 1-2: Ball 2-2: Ball 3-2: Base on Balls
|
|
Batting: RHB Brian Rathbun
|
0-0: Ball 1-0: Fielders Choice at 2nd, 5-4 (Groundball, 5, EV 97.5 MPH)
|
|
Batting: RHB Justin Menotti
|
0-0: Ball 1-0: Foul Ball, location: 2F 1-1: Ball 2-1: Fielders Choice at 2nd, 5-4 (Groundball, 56, EV 88.8 MPH)
|
|
Batting: RHB Carlos Martinez
|
0-0: Ball 1-0: Ball 2-0: Ball 3-0: Base on Balls Justin Menotti to second
|
|
Batting: RHB Mario Ramos
|
0-0: Ground out 6-3 (Groundball, 6S, EV 82.5 MPH)
|
| Bottom of the 6th over - 0 runs, 0 hits, 0 errors, 2 left on base; Tri-City 0 - Vermont 4 |
| TOP OF THE 7TH |
|
Tri-City ValleyCats batting - Pitching for Vermont Lake Monsters : RHP Matt Constantino
|
|
Batting: LHB Jackson Trottier
|
0-0: Ball 1-0: Ball 2-0: Called Strike 2-1: Ball 3-1: Foul Ball, location: 2F 3-2: Base on Balls
|
|
Batting: RHB Drew Coleman
|
0-0: Fielders Choice at 2nd, 4-6 (Groundball, 34, EV 77.5 MPH)
|
|
Batting: RHB To-wai Chen
|
0-0: Ball Drew Coleman is caught stealing 2nd base 2-4 1-0: SINGLE (Groundball, 6MD, EV 96.9 MPH)
|
|
Batting: LHB Lou Toth
|
0-0: Called Strike 0-1: Called Strike To-wai Chen steals 2nd base 0-2: Ball 1-2: Ball 2-2: Ball 3-2: Foul Ball, location: 2F 3-2: TRIPLE (Flyball, 89XD, EV 105.6 MPH) To-wai Chen scores
|
|
Pitching: RHP Mike Bowling
|
|
|
Batting: RHB Chris McGrath
|
0-0: Foul Ball, location: 2F 0-1: Swinging Strike 0-2: Ball 1-2: Strikes out swinging
|
| Top of the 7th over - 1 run, 2 hits, 0 errors, 1 left on base; Tri-City 1 - Vermont 4 |
| BOTTOM OF THE 7TH |
|
Vermont Lake Monsters batting - Pitching for Tri-City ValleyCats : LHP Ruben Rojas
|
|
Batting: LHB Cy Ostrowski
|
0-0: Ball 1-0: Foul Ball, location: 2F 1-1: Swinging Strike 1-2: Foul Ball, location: 2F 1-2: Ball 2-2: Ball 3-2: Base on Balls
|
|
Batting: RHB Edgar Landim
|
0-0: Ball 1-0: Called Strike 1-1: Foul Ball, location: 2F 1-2: Strikes out swinging
|
|
Batting: RHB Bastiaan Leenders
|
0-0: Swinging Strike 0-1: Swinging Strike 0-2: Strikes out swinging
|
|
Batting: RHB Fathi Addae
|
0-0: Foul Ball, location: 2F 0-1: Ball 1-1: Called Strike 1-2: TRIPLE (Line Drive, 89XD, EV 105.6 MPH) Cy Ostrowski scores
|
|
Batting: RHB Dave Vezina
|
0-0: Called Strike 0-1: Ball 1-1: Foul Ball, location: 2F 1-2: Ball 2-2: Foul Ball, location: 2F 2-2: Strikes out looking
|
| Bottom of the 7th over - 1 run, 1 hit, 0 errors, 1 left on base; Tri-City 1 - Vermont 5 |
| TOP OF THE 8TH |
|
Tri-City ValleyCats batting - Pitching for Vermont Lake Monsters : RHP Mike Bowling
|
|
Batting: LHB Josh Corkery
|
0-0: Called Strike 0-1: Called Strike 0-2: Foul Ball, location: 2F 0-2: Ball 1-2: Ground out 4-3 (Groundball, 4, EV 87.5 MPH)
|
|
Batting: RHB Andrew Pride
|
0-0: Foul Ball, location: 2F 0-1: Called Strike 0-2: Strikes out swinging
|
|
Batting: LHB Jon Pope
|
0-0: Foul Ball, location: 2F 0-1: Ground out 4-3 (Groundball, 4, EV 105.6 MPH)
|
| Top of the 8th over - 0 runs, 0 hits, 0 errors, 0 left on base; Tri-City 1 - Vermont 5 |
| BOTTOM OF THE 8TH |
|
Vermont Lake Monsters batting - Pitching for Tri-City ValleyCats : LHP Ruben Rojas
|
|
Pitching: RHP Arsène Serre
|
|
|
Batting: RHB Brian Rathbun
|
0-0: Called Strike 0-1: Foul Ball, location: 2F 0-2: Ball 1-2: Strikes out swinging
|
|
Batting: RHB Justin Menotti
|
0-0: Called Strike 0-1: Swinging Strike 0-2: DOUBLE (Line Drive, 78XD, EV 102.5 MPH)
|
|
Batting: RHB Carlos Martinez
|
0-0: Ball 1-0: Called Strike 1-1: Fly out, F4 (Popup, 4S, EV 61.9 MPH)
|
|
Batting: RHB Mario Ramos
|
0-0: Ball 1-0: Called Strike 1-1: Foul Ball, location: 2F 1-2: Foul Ball, location: 2F 1-2: Fly out, F8 (Flyball, 8RM, EV 87.5 MPH)
|
| Bottom of the 8th over - 0 runs, 1 hit, 0 errors, 1 left on base; Tri-City 1 - Vermont 5 |
| TOP OF THE 9TH |
|
Tri-City ValleyCats batting - Pitching for Vermont Lake Monsters : RHP Mike Bowling
|
|
Pitching: RHP Jake Gregor
|
|
|
Batting: RHB Alex Campos
|
0-0: Ball 1-0: Called Strike 1-1: Foul Ball, location: 2F 1-2: Foul Ball, location: 2F 1-2: Ball 2-2: Strikes out swinging
|
|
Batting: LHB Jackson Trottier
|
0-0: Called Strike 0-1: Called Strike 0-2: Foul Ball, location: 2F 0-2: Ball 1-2: Strikes out looking
|
|
Batting: RHB Drew Coleman
|
0-0: Ball 1-0: Ground out 4-3 (Groundball, 4, EV 95.6 MPH)
|
| Top of the 9th over - 0 runs, 0 hits, 0 errors, 0 left on base; Tri-City 1 - Vermont 5 |
|